 Dungeon Crawl Stone Soup version 0.29.1-15-g9cfb28693d (webtiles) character file.

Game seed: 9156076906128268279

10822 zeram the Blocker (level 11, 0/89 HPs)
             Began as a Gnoll Fighter on Mar 1, 2023.
             Was an Initiate of Gozag.
             Killed from afar by a rime drake (16 damage)
             ... with a flash freeze
             ... on level 2 of the Lair of Beasts.
             The game lasted 00:24:22 (12130 turns).

zeram the Blocker (Gnoll Fighter)                  Turns: 12130, Time: 00:24:23

Health: 0/89       AC: 13    Str: 23    XL:     11   Next: 68%
Magic:  21/21      EV: 12    Int: 11    God:    Gozag
Gold:   798        SH:  0    Dex: 11    Spells: 8/23 levels left

rFire   + . .      SeeInvis .   l - +9 executioner's axe "Hoeh Jae" {vorpal, rElec rF+ rC+++ Stlth-}
rCold   + + +      Faith    .   (shield currently unavailable)
rNeg    . . .      Spirit   .   b - +0 scale mail
rPois   .          Reflect  .   C - +2 helmet
rElec   +          Harm     .   p - +0 cloak
rCorr   .          Rampage  .   (no gloves)
Will    .....                   (no boots)
Stlth   +.........              n - amulet of magic regeneration
HPRegen 0.24/turn               j - +6 ring of strength
MPRegen 0.57/turn               s - ring of wizardry

@: no status effects
A: fangs 1, strong nose, distributed training
a: Renounce Religion, Potion Petition, Call Merchant, Bribe Branch


You were on level 2 of the Lair of Beasts.
You worshipped Gozag.
Gozag was pleased with you.
You visited 3 branches of the dungeon, and saw 13 of its levels.
You also visited: Ossuary.

You collected 2168 gold pieces.
You paid 1370 gold pieces to Gozag.

Inventory:

Hand Weapons
 a - a +0 war axe
 i - a +6 dagger of freezing
 l - the +9 executioner's axe "Hoeh Jae" (weapon) {vorpal, rElec rF+ rC+++ Stlth-}
   (You acquired it on level 3 of the Dungeon)

   It inflicts extra damage upon your enemies.
   rF:        It protects you from fire.
   rC:        It renders you almost immune to cold.
   rElec:     It insulates you from electricity.
   Stlth:     It makes you less stealthy.
Armour
 b - a +0 scale mail (worn)
 c - a +2 buckler
 m - a +0 helmet
 p - a +0 cloak (worn)
 C - a +2 helmet (worn)
Jewellery
 j - a +6 ring of strength (left hand)
 n - an amulet of magic regeneration (around neck)
 s - a ring of wizardry (right hand)
 F - a ring of willpower
 I - a ring of wizardry
Wands
 e - a wand of polymorph (9)
 G - a wand of flame (32)
Scrolls
 g - 2 scrolls of immolation
 t - 3 scrolls of magic mapping
 u - a scroll of butterflies
 v - a scroll of teleportation
 y - 3 scrolls of enchant weapon
 J - a scroll of blinking
 K - a scroll of identify
Potions
 d - 3 potions of attraction
 f - 3 potions of cancellation
 h - 3 potions of curing
 k - a potion of resistance
 o - 3 potions of haste
 q - 2 potions of lignification {unknown}
 r - 2 potions of ambrosia
 x - a potion of degeneration {unknown}
 z - 4 potions of brilliance
 A - a potion of berserk rage {unknown}
 B - a potion of flight {unknown}
 D - a potion of might
 E - a potion of magic {unknown}
 H - a potion of mutation {unknown}


   Skills:
 + Level 9.5 Fighting
 + Level 6.7 Short Blades
 + Level 6.7 Long Blades
 + Level 8.2 Axes
 + Level 6.7 Maces & Flails
 + Level 6.7 Polearms
 + Level 6.7 Staves
 + Level 6.7 Ranged Weapons
 + Level 6.7 Throwing
 + Level 9.5 Armour
 + Level 6.7 Dodging
 + Level 6.7 Stealth
 + Level 9.5 Shields
 + Level 6.7 Unarmed Combat
 + Level 6.7 Spellcasting
 + Level 5.6 Conjurations
 + Level 5.6 Hexes
 + Level 5.6 Summonings
 + Level 5.6 Necromancy
 + Level 5.6 Translocations
 + Level 5.6 Transmutations
 + Level 5.6 Fire Magic
 + Level 5.6 Ice Magic
 + Level 5.6 Air Magic
 + Level 5.6 Earth Magic
 + Level 5.6 Poison Magic
 + Level 7.4 Invocations
 + Level 6.7 Evocations


You had 8 spell levels left.
You knew the following spells:

 Your Spells              Type           Power      Damage    Failure   Level
a - Call Imp              Summ           16%        N/A       2%          2
b - Call Canine Familiar  Summ           16%        N/A       4%          3
c - Summon Small Mammal   Summ           64%        N/A       1%          1
d - Vampiric Draining     Necr           16%        2d7       4%          3
e - Summon Cactus Giant   Summ           8%         N/A       90%         6

Your spell library contained the following spells:

 Spells                   Type           Power      Damage    Failure   Level
 Apportation              Tloc           32%        N/A       1%          1
 Magic Dart               Conj           64%        1d6       1%          1
 Necrotise                Necr           64%        1d7       1%          1
 Sandblast                Erth           32%        2d9       1%          1
 Ensorcelled Hibernation  Hex/Ice        32%        N/A       2%          2
 Passwall                 Tmut/Erth      13%        N/A       2%          2
 Static Discharge         Conj/Air       16%        3-5/arc   2%          2
 Mephitic Cloud           Conj/Pois/Air  16%        N/A       4%          3
 Portal Projectile        Hex/Tloc       32%        N/A       4%          3
 Stone Arrow              Conj/Erth      32%        3d9       4%          3
 Summon Guardian Golem    Hex/Summ       16%        N/A       4%          3
 Swiftness                Air            16%        N/A       4%          3
 Dispel Undead            Necr           16%        3d10      16%         4
 Leda's Liquefaction      Hex/Erth       8%         N/A       16%         4
 Sticky Flame             Conj/Fire      16%        2d4       16%         4
 Agony                    Necr           16%        N/A       38%         5
 Summon Forest            Summ/Tloc      8%         N/A       38%         5
 Summon Mana Viper        Hex/Summ       16%        N/A       38%         5


Dungeon Overview and Level Annotations

Branches:
Dungeon (10/15)            Temple (1/1) D:4            Lair (1/5) D:9
Ossuary (visited)
    Orc: D:9-12

Altars:
Ashenzari
Cheibriados
Dithmenos
Elyvilon
Fedhas
Gozag
Hepliaklqana
Kikubaaqudgha
Makhleb
Nemelex Xobeh
Okawaru
Qazlal
Ru
Sif Muna
Trog
Vehumet
Wu Jian
Xom
Yredelemnul
Zin
The Shining One

Shops:
D:9 *[


Innate Abilities, Weirdness & Mutations

You have very sharp teeth.
Your uncanny sense of smell can sniff out nearby items.
Your experience applies equally to all skills.


Message History

You kill the water moccasin!
You start resting.
A cane toad comes into view.
The cane toad croaks.
You see here 12 gold pieces.
Found 6 stones.
Aiming: Iceblast
Press: ? - help, Shift-Dir - straight line, f - cane toad
Aim: a cane toad The mass of ice explodes!
The iceblast engulfs the cane toad!
The cane toad is heavily wounded.
You hear an angry hiss.
You don't have any such object.
Evoke which item? (* to show all) (? for menu, Esc to quit)
Okay, then.
Cleave: l) +9 executioner's axe "Hoeh Jae" {vorpal, rElec rF+ rC+++ Stlth-}
Press: ? - help, Dir - move target, f - you, p - cane toad
Okay, then.
Aiming: Iceblast
Press: ? - help, Shift-Dir - straight line, f/p - cane toad
Aim: a cane toad (heavily wounded)
The mass of ice explodes!
The iceblast engulfs the cane toad!
The cane toad is severely wounded.
The now-empty wand crumbles to dust.
You closely miss the cane toad.
The cane toad is severely wounded.
The cane toad closely misses you. The cane toad barely misses you.
Unknown command.
You closely miss the cane toad.
The cane toad is severely wounded.
A rime drake comes into view.
The cane toad barely misses you.
The cane toad stings you but does no damage.
Unknown command.
You barely miss the cane toad. Your bite misses the cane toad.
The cane toad is severely wounded.
The rime drake breathes ice at you. The flash freeze hits you!
You partially resist.
You die...
Your body crumbles into a pile of gold.

#....# # ##...##
... #....###...
#.........(∆∆
##..........
#......###..( #.#
###.....###...
.....#....[.#...#..
.......$$.F@.......
.................k.
.......#####..#####
......$ ### .......
....... .......
.......


You could see a cane toad and a rime drake (catching breath).

Vanquished Creatures
  Erolcha (D:9)
  2 two-headed ogres (D:9)
  Pikel (D:4)
  3 elephants (Lair:1)
  2 black mambas (Lair:2)
  Maggie (D:9)
  A komodo dragon (D:9)
  Grinder (D:5)
  2 wyverns
  7 yaks
  Eustachio (D:5)
  A steam dragon (D:6)
  Menkaure (D:7)
  3 water moccasins
  Duvessa (D:5)
  7 orc warriors
  2 sky beasts (D:7)
  2 ogres
  An ice beast (D:6)
  2 black bears
  4 lemures
  5 centaurs
  3 elf zombies (Ossuary)
  6 bullfrogs
  A kobold brigand (D:5)
  2 necrophages
  A gnoll sergeant (D:9)
  2 scorpions
  Dowan (D:5)
  3 killer bees (D:9)
  6 howler monkeys
  2 jellies (D:6)
  A centaur zombie (Ossuary)
  3 hounds
  A human zombie (Ossuary)
  8 orc priests
  2 iguanas
  7 orc wizards
  2 mummies (Ossuary)
  Robin (D:3)
  18 gnolls
  4 adders
  A shadow imp (D:8)
  2 white imps
  An ufetubus (D:4)
  3 adder zombies (Ossuary)
  3 worms
  42 orcs
  6 ball pythons
  9 bats
  9 endoplasms
  5 giant cockroaches
  26 goblins
  10 hobgoblins
  16 kobolds
  6 quokkas
  3 frilled lizards (D:1)
  2 goblin zombies (Ossuary)
  5 hobgoblin zombies (Ossuary)
  A jackal zombie (Ossuary)
  11 kobold zombies (Ossuary)
  10 orc zombies (Ossuary)
  6 rats
  A bush (D:9)
303 creatures vanquished.

Vanquished Creatures (others)
  3 bushes (D:9)
  12 plants
15 creatures vanquished.

Grand Total: 318 creatures vanquished

Notes
Turn   | Place    | Note
-------+----------+-------------------------------------------
     0 | D:1      | zeram the Gnoll Fighter began the quest for the Orb.
     0 | D:1      | Reached XP level 1. HP: 23/23 MP: 1/1
    91 | D:1      | Reached XP level 2. HP: 23/29 MP: 2/2
   297 | D:1      | Reached XP level 3. HP: 30/35 MP: 3/3
   369 | D:1      | Reached skill level 1 in Invocations
   791 | D:2      | Found a faded altar of an unknown god.
   818 | D:2      | Reached skill level 1 in Short Blades
   818 | D:2      | Reached skill level 1 in Long Blades
   818 | D:2      | Reached skill level 1 in Maces & Flails
   818 | D:2      | Reached skill level 1 in Polearms
   818 | D:2      | Reached skill level 1 in Staves
   818 | D:2      | Reached skill level 1 in Ranged Weapons
   818 | D:2      | Reached skill level 1 in Throwing
   818 | D:2      | Reached skill level 1 in Dodging
   818 | D:2      | Reached skill level 1 in Stealth
   818 | D:2      | Reached skill level 1 in Unarmed Combat
   818 | D:2      | Reached skill level 1 in Spellcasting
   818 | D:2      | Reached skill level 1 in Evocations
  1069 | D:2      | Learned a level 1 spell: Summon Small Mammal
  1073 | D:2      | Learned a level 3 spell: Call Canine Familiar
  1539 | D:3      | Reached XP level 4. HP: 41/41 MP: 5/5
  1550 | D:3      | Noticed a necrophage
  1719 | D:2      | Killed a necrophage
  1720 | D:2      | Reached skill level 1 in Conjurations
  1720 | D:2      | Reached skill level 1 in Hexes
  1720 | D:2      | Reached skill level 1 in Summonings
  1720 | D:2      | Reached skill level 1 in Necromancy
  1720 | D:2      | Reached skill level 1 in Translocations
  1720 | D:2      | Reached skill level 1 in Transmutations
  1720 | D:2      | Reached skill level 1 in Fire Magic
  1720 | D:2      | Reached skill level 1 in Ice Magic
  1720 | D:2      | Reached skill level 1 in Air Magic
  1720 | D:2      | Reached skill level 1 in Earth Magic
  1720 | D:2      | Reached skill level 1 in Poison Magic
  1720 | D:2      | Reached XP level 5. HP: 19/47 MP: 5/7
  1743 | D:2      | Learned a level 2 spell: Call Imp
  1986 | D:3      | Noticed Robin
  1997 | D:3      | Killed Robin
  2084 | D:3      | Identified a scroll of acquirement
  2084 | D:3      | Acquired the +9 executioner's axe "Hoeh Jae" {vorpal, rElec
                  | rF+ rC+++ Stlth-}
  2444 | D:4      | Found a staircase to the Ecumenical Temple.
  2472 | Temple   | Entered the Ecumenical Temple
  2632 | Temple   | Became a worshipper of Gozag Ym Sagoz the Greedy
  2823 | D:4      | Reached XP level 6. HP: 47/53 MP: 8/8
  2826 | D:4      | Reached skill level 5 in Axes
  3285 | D:5      | Entered Level 5 of the Dungeon
  3345 | D:5      | Noticed Duvessa
  3346 | D:5      | Noticed Dowan
  3347 | D:5      | Noticed Eustachio
  3357 | D:5      | Killed Duvessa
  3358 | D:5      | Killed Eustachio
  3359 | D:5      | Reached XP level 7. HP: 43/60 MP: 10/10
  3369 | D:5      | Killed Dowan
  3751 | D:5      | Noticed Pikel
  3762 | D:5      | HP: 3/60 [something (2)]
  4084 | D:4      | Killed Pikel
  4085 | D:4      | Reached XP level 8. HP: 38/67 MP: 11/13
  4583 | D:5      | Found a stormy altar of Qazlal.
  5109 | D:5      | Noticed Grinder
  5114 | D:5      | Killed Grinder
  5649 | D:6      | Reached XP level 9. HP: 69/73 MP: 14/14
  5659 | D:6      | Found a broken altar of Ashenzari.
  5770 | D:6      | Found a sand-covered staircase.
  5779 | Ossuary  | Entered an ossuary
  6880 | D:6      | Reached skill level 5 in Invocations
  7281 | D:6      | Learned a level 3 spell: Vampiric Draining
  7454 | D:7      | Reached skill level 5 in Short Blades
  7454 | D:7      | Reached skill level 5 in Long Blades
  7454 | D:7      | Reached skill level 5 in Maces & Flails
  7454 | D:7      | Reached skill level 5 in Polearms
  7454 | D:7      | Reached skill level 5 in Staves
  7454 | D:7      | Reached skill level 5 in Ranged Weapons
  7454 | D:7      | Reached skill level 5 in Throwing
  7454 | D:7      | Reached skill level 5 in Dodging
  7454 | D:7      | Reached skill level 5 in Stealth
  7454 | D:7      | Reached skill level 5 in Unarmed Combat
  7454 | D:7      | Reached skill level 5 in Spellcasting
  7454 | D:7      | Reached skill level 5 in Evocations
  7454 | D:7      | Reached XP level 10. HP: 35/81 MP: 17/17
  7868 | D:7      | Found an ornate altar of the Wu Jian Council.
  8041 | D:7      | Noticed Menkaure
  8046 | D:7      | Killed Menkaure
  8213 | D:7      | Found a glowing silver altar of Zin.
  9437 | D:9      | Noticed a two-headed ogre
  9725 | D:9      | Killed a two-headed ogre
  9942 | D:9      | Noticed Maggie
  9978 | D:9      | Noticed a two-headed ogre
 10155 | D:9      | Killed a two-headed ogre
 10156 | D:9      | Reached skill level 5 in Conjurations
 10156 | D:9      | Reached skill level 5 in Hexes
 10156 | D:9      | Reached skill level 5 in Summonings
 10156 | D:9      | Reached skill level 5 in Necromancy
 10156 | D:9      | Reached skill level 5 in Translocations
 10156 | D:9      | Reached skill level 5 in Transmutations
 10156 | D:9      | Reached skill level 5 in Fire Magic
 10156 | D:9      | Reached skill level 5 in Ice Magic
 10156 | D:9      | Reached skill level 5 in Air Magic
 10156 | D:9      | Reached skill level 5 in Earth Magic
 10156 | D:9      | Reached skill level 5 in Poison Magic
 10156 | D:9      | Reached XP level 11. HP: 77/89 MP: 18/20
 10167 | D:9      | Killed Maggie
 10608 | D:9      | Found an iron altar of Okawaru.
 10861 | D:9      | Found a white marble altar of Elyvilon.
 11103 | D:9      | Noticed Erolcha
 11114 | D:9      | Killed Erolcha
 11332 | D:9      | Found a staircase to the Lair.
 11436 | D:10     | Entered Level 10 of the Dungeon
 11654 | Lair:1   | Entered Level 1 of the Lair of Beasts
 11662 | Lair:1   | Learned a level 6 spell: Summon Cactus Giant
 12073 | Lair:1   | You fall into a shaft and drop 1 floor!
 12130 | Lair:2   | Killed from afar by a rime drake

Illustrated notes

Levels and vault maps discovered:
D:1:      eino_arrival_cavern_e, layout_rooms, minmay_misc_feat_tower
D:2:      layout_loops_ring, shapermc_ecumenical_altar_starsandcircs,
          kennysheep_generic_room_12
D:3:      layout_rooms, grunt_ministairs_2, minmay_surrounded, uniq_robin
D:4:      layout_cave_pools, minmay_temple_entry_water_ring, chequers_garden
D:5:      layout_layer_cave, grunt_qazlal_clouds, kennysheep_generic_room_16,
          uniq_eustachio, uniq_pikel, uniq_grinder, uniq_duvessa
D:6:      corexii_shantytown, layout_loops_ring, nicolae_ashenzari_panopticon,
          enter_ossuary_1
D:7:      layout_basic, nicolae_wu_jian_immortal_techniques, zin_treasury,
          uniq_menkaure
D:8:      layout_loops_ring
D:9:      layout_loops_ring, lemuel_round_altar, mainiacjoe_overflow_boulevard,
          david_lair_shrubbed, uniq_erolcha, uniq_maggie
D:10:     gammafunk_indiana_jones, layout_layer_cave,
          mainiacjoe_overflow_alcove_2, david_orc_3, serial_shops,
          shop_fountains
Temple:   bh_familiar_temple
Lair:1:   layout_regular_city, infiniplex_staircase_pool
Lair:2:   layout_small_grid, lemuel_fruit_tree, serial_bayou_shore_b,
          uniq_erica, uniq_gastronok

Skill      XL: |  1  2  3  4  5  6  7  8  9 10 11 |
---------------+----------------------------------+-----
Invocations    | 1 2 3 4 5 6 7 |  7.4
Short Blades   | 1 2 3 5 6 |  6.7
Long Blades    | 1 2 3 5 6 |  6.7
Maces & Flails | 1 2 3 5 6 |  6.7
Polearms       | 1 2 3 5 6 |  6.7
Staves         | 1 2 3 5 6 |  6.7
Ranged Weapons | 1 2 3 5 6 |  6.7
Throwing       | 1 2 3 5 6 |  6.7
Dodging        | 1 2 3 5 6 |  6.7
Stealth        | 1 2 3 5 6 |  6.7
Unarmed Combat | 1 2 3 5 6 |  6.7
Spellcasting   | 1 2 3 5 6 |  6.7
Evocations     | 1 2 3 5 6 |  6.7
Conjurations   | 1 2 3 4 5 |  5.6
Hexes          | 1 2 3 4 5 |  5.6
Summonings     | 1 2 3 4 5 |  5.6
Necromancy     | 1 2 3 4 5 |  5.6
Translocations | 1 2 3 4 5 |  5.6
Transmutations | 1 2 3 4 5 |  5.6
Fire Magic     | 1 2 3 4 5 |  5.6
Ice Magic      | 1 2 3 4 5 |  5.6
Air Magic      | 1 2 3 4 5 |  5.6
Earth Magic    | 1 2 3 4 5 |  5.6
Poison Magic   | 1 2 3 4 5 |  5.6
Axes           | 5 6 7 8 |  8.2
Fighting       | 7 8 9 |  9.5
Armour         | 7 8 9 |  9.5
Shields        | 7 8 9 |  9.5

Action                   |  1- 3 |  4- 6 |  7- 9 | 10-12 || total
-------------------------+-------+-------+-------+-------++-------
Melee: War axe           |    34 |       |       |       ||    34
       Bite              |     8 |     8 |    11 |    13 ||    40
       Dagger            |    78 |    62 |       |       ||   140
       Executioner's axe |       |    48 |   196 |   201 ||   445
 Cast: Call Imp          |       |       |     1 |       ||     1
Invok: Call Merchant     |       |       |       |     2 ||     2
Evoke: Wand              |       |       |       |     4 ||     4
  Use: Scroll            |    10 |     7 |     6 |     7 ||    30
       Potion            |       |     2 |     3 |     4 ||     9
 Stab: Distracted        |       |       |     1 |     1 ||     2
Armor: Scale mail        |    54 |    52 |   114 |   104 ||   324
Dodge: Dodged            |    46 |    64 |   125 |   169 ||   404
Block: Buckler           |    43 |    21 |       |       ||    64
